Zazza, neutral female human Tourist ------ |....| ----------- ---------- ---- ------- |.....# |.........|############.........| |..| |.....|######.....|# #...........# |........| |..| |.....| ##|....|# #|...`.....|############.........| ---- |......######|....|# `##|.........|# |........| |..{..| # #|....|# ###........>.|# ##.........| |......### #------#### ------.----# # ------.--- -|----- ################################## ## ## ### # # ### # # ### # # ### # # # # # # # ### # # ####### # --)--- # # # # #-----# |..B.| ### ---------+------ # ### #-...|# |..f@| # |..............| -----.------- # |._.|# |....|#######+..............| |.....<...{..## |...-# ------ # |..............| |...........| |...| ##+..............| --------+---- ----- ---------------- # # Zazza the Sightseer Experience level: 3 Strength: 16 Dexterity: 9 Constitution: 16 Intelligence: 13 Wisdom: 7 Charisma: 15 Health: 0(26) Energy: 10(10) Def: 2 Gold: 1050 Moves: 1483 Dungeon seed: eR-pwC8yvYoK1nHT Game ID: Zazza_1536939927 Your Inventory: Coins $ - 1050 gold pieces Weapons a - 27 +2 darts (in quiver) s - 10 +0 darts x - a +0 dagger (weapon in hand) E - a +0 elven dagger Armor e - an uncursed +1 Hawaiian shirt (being worn) r - an uncursed +0 orcish chain mail z - an uncursed +0 orcish helm (being worn) N - an uncursed +0 leather armor Comestibles b - 4 uncursed food rations c - an uncursed slime mold d - an uncursed tin of goblin meat f - an uncursed cream pie h - an uncursed tripe ration i - 2 uncursed eggs q - 3 uncursed lichen corpses A - 3 uncursed fortune cookies C - an uncursed egg Scrolls l - 2 uncursed scrolls of magic mapping Rings y - an uncursed ring of levitation Wands B - a wand of striking (0:0) D - a wand of magic missile (0:5) Tools m - an expensive camera (0:84) n - an uncursed credit card Spells and supernatural/magical abilities: Name Level Category Fail Memory W - pray for help -- divine ? -- Your skills at the end: Fighting Skills Weapon Skills dart [Basic] Spellcasting Skills Final Attributes: You were devoutly aligned. You were cold resistant. You are dead. Vanquished creatures: 2 hobbits 2 large kobolds 2 giant rats a brown mold a red mold a gnome zombie a gecko 5 jackals 3 foxes a kobold a goblin 2 grid bugs 6 lichens 4 newts 32 creatures vanquished. Voluntary challenges: You used a wielded weapon 20 times, starting on turn 863. You read items or engraved 5 times, starting on turn 1. You never genocided any monsters. You never polymorphed an object. You never changed form. You used no wishes. You never split a pudding. You never wrote Elbereth's name. You never violated your personal moral code. Dungeon overview: The Dungeons of Doom: levels 1 to 4 Level 1 a fountain a long staircase Level 2 a general store, an altar to Offler, some fountains a long staircase Level 3 Level 4 <- You were here an altar to Offler, some fountains History has recorded: On T:1 you entered the Dungeons of Doom to retrieve the Amulet of Yendor! On T:301 you reached level 2 of The Dungeons of Doom. On T:605 you advanced to experience level 2. On T:904 you reached level 3 of The Dungeons of Doom. On T:1262 you advanced to experience level 3. On T:1298 you reached level 4 of The Dungeons of Doom. Score breakdown: Gold: 179 ( 7671 points) Experience: 3 levels ( 7878 points) Exploration: 4 levels ( 8.33%) ( 7579 points) Discoveries: 3 items ( 1.01%) ( 3010 points) Valuables value: (no points given unless you survive) Artifact value: 0 ( 0 points) Variety of kills: 14 monsters ( 3.67%) ( 5750 points) Turncount: 1483 turns ( 0 points) Survival: died (score multiplied by 80%) Total score: 25510 Latest messages: Armand misses the orc zombie. Armand bites the orc zombie. (2x) The orc zombie hits Armand. You displace Armand. You stop. Armand is in the way! You see here a leather armor. You hear the footsteps of a guard on patrol. You see here a leather armor. N - a leather armor. You take off your crude chain mail. You stop changing your equipment. The crude dagger misses it. The giant bat bites! You feel an absence of magical power. The giant bat bites! (2x) Armand misses the giant bat. The giant bat bites! You die... Final status: Aloha Zazza the Tourist, killed by a giant bat... You died in The Dungeons of Doom on dungeon level 4 with 25510 points, and 1050 pieces of gold, after 1483 moves. You were level 3 with a maximum of 26 hit points when you died.